 Dungeon Crawl Stone Soup version 0.30.0-19-g36f170ea60 (webtiles) character file.

Game seed: 15086708130292597704

1542 cheesebisquit the Merchant of Misery (level 8, 0/67 HPs)
             Began as a Hill Orc Necromancer on May 31, 2023.
             Was a Believer of Kikubaaqudgha.
             Slain by Menkaure (13 damage)
             ... on level 6 of the Dungeon.
             The game lasted 00:30:42 (7680 turns).

cheesebisquit the Merchant of Misery (HONe)         Turns: 7680, Time: 00:30:42

Health: 0/67       AC:  5    Str: 11    XL:     8   Next: 87%
Magic:  12/12      EV: 12    Int: 17    God:    Kikubaaqudgha [**....]
Gold:   351        SH:  5    Dex: 11    Spells: 2/13 levels left

rFire   + . .        v - +1 whip (vamp)
rCold   . . .        (no shield)
rNeg    . . .        H - +1 leather armour {rPois}
rPois   +            G - +0 helmet
rElec   .            (no cloak)
rCorr   .            (no gloves)
SInv    .            (no boots)
Will    .....        q - amulet of reflection
Stlth   ++           p - ring of wizardry
HPRegen 0.31/turn    D - ring of protection from fire
MPRegen 0.13/turn

%: reflection, wizardry (x1)
@: no status effects
A: no striking features
a: Renounce Religion, Unearth Wretches


You were on level 6 of the Dungeon.
You worshipped Kikubaaqudgha.
Kikubaaqudgha was pleased with you.
You visited 2 branches of the dungeon, and saw 7 of its levels.

You collected 393 gold pieces.
You spent 42 gold pieces at shops.

Inventory:

Hand Weapons
 b - a +0 morningstar
 t - the +6 mace of Context {protect, Str+4 SInv}
   (You found it on level 2 of the Dungeon)

   Str:       It affects your strength (+4).
   SInv:      It lets you see invisible.
 v - a +1 vampiric whip (weapon)
 w - a +0 hand axe
Missiles
 a - 4 boomerangs of dispersal
 g - 6 poisoned darts
 h - 9 boomerangs
 J - a throwing net
Armour
 d - a +0 ring mail
 A - a +0 tower shield
 G - a +0 helmet (worn)
 H - a +1 leather armour of poison resistance (worn)
Magical Staves
 l - a staff of death
Jewellery
 p - a ring of wizardry (left hand)
 q - an amulet of reflection (around neck)
 D - a ring of protection from fire (right hand)
 L - a ring of ice
Wands
 j - a wand of digging (5)
 E - a wand of flame (9)
 M - a wand of roots (4)
Scrolls
 e - 6 scrolls of identify {unknown}
 m - a scroll of poison {unknown}
 o - a scroll of fog {unknown}
 y - a scroll of enchant weapon {unknown}
 z - a scroll of enchant armour {unknown}
 B - a scroll of blinking {unknown}
 F - 3 scrolls of teleportation {unknown}
 I - a scroll of fear {unknown}
Potions
 c - a potion of berserk rage {unknown}
 f - a potion of cancellation {unknown}
 i - a potion of brilliance {unknown}
 k - 3 potions of might {unknown}
 r - 3 potions of lignification {unknown}
 s - 2 potions of ambrosia {unknown}
 u - 2 potions of attraction {unknown}
 x - 3 potions of flight {unknown}
 C - 2 potions of invisibility {unknown}
 K - a potion of heal wounds {unknown}


   Skills:
 + Level 4.3 Fighting
 + Level 3.0 Staves
 + Level 3.8 Armour
 + Level 3.6 Dodging
 + Level 3.8 Stealth
 + Level 3.1 Spellcasting
 + Level 5.4 Necromancy
 + Level 3.4 Evocations


You had 2 spell levels left.
You knew the following spells:

 Your Spells              Type           Power      Damage    Failure   Level
a - Necrotise             Necr           84%        1d8       1%          1
b - Vampiric Draining     Necr           21%        2d7       2%          3
c - Animate Dead          Necr           21%        N/A       9%          4
d - Kiss of Death         Conj/Necr      44%        2d8       2%          1
e - Sublimation of Blood  Necr           21%        N/A       1%          2

Your spell library contained the following spells:

 Spells                   Type           Power      Damage    Failure   Level
 Apportation              Tloc           4%         N/A       9%          1
 Foxfire                  Conj/Fire      8%         2x1d4     9%          1
 Magic Dart               Conj           8%         1d3       9%          1
 Lesser Beckoning         Tloc           4%         N/A       13%         2
 Searing Ray              Conj           4%         2d4       13%         2
 Gell's Gravitas          Tloc           2%         N/A       26%         3
 Teleport Other           Tloc           2%         N/A       26%         3
 Agony                    Necr           21%        N/A       26%         5
 Fulminant Prism          Conj/Hex       1%         3d5       61%         4
 Alistair's Intoxication  Tmut/Pois      1%         N/A       91%         5
 Fireball                 Conj/Fire      1%         3d3       91%         5
 Plasma Beam              Fire/Air       1%         2x1d12    100%        6
 Starburst                Conj/Fire      1%         6d3       100%        6


Dungeon Overview and Level Annotations

Branches:
Dungeon (6/15)             Temple (1/1) D:5

Altars:
Ashenzari
Cheibriados
Dithmenos
Elyvilon
Fedhas
Gozag
Hepliaklqana
Kikubaaqudgha
Makhleb
Okawaru
Qazlal
Ru
Trog
Uskayaw
Vehumet
Wu Jian
Xom
Yredelemnul
Zin
The Shining One

Shops:
D:1 !

Annotations:
D:3 exclusion: downstairs
D:6 Menkaure


Message History

Kikubaaqudgha accepts your kill.
The dead are slithering!
Your Staves skill increases to level 3!
Your water moccasin skeleton crumbles into dust!
Menkaure, Prince of Dust comes into view.
Menkaure shouts!
Menkaure casts a spell.
Menkaure seems to speed up.
You swap places.
Your jelly zombie hits Menkaure.
Menkaure hits your jelly zombie!! Menkaure hits your jelly zombie!
Your jelly zombie is destroyed!
You barely miss Menkaure.
Menkaure is lightly damaged.
Menkaure calls on the powers of darkness!
Your body is wracked with pain!
You feel a sense of dread.
v - a +1 vampiric whip (weapon)
Menkaure hits you.
You hit Menkaure.
Menkaure is moderately damaged.
Menkaure completely misses you.
You barely miss Menkaure.
Menkaure is moderately damaged.
Menkaure hits you but does no damage.
You hit Menkaure.
Menkaure is moderately damaged.
Menkaure hits you!
* * * LOW HITPOINT WARNING * * *
You feel better. Menkaure hits you!
* * * LOW HITPOINT WARNING * * *
You feel better.
Menkaure calls on the powers of darkness!
Your body is wracked with pain!
* * * LOW HITPOINT WARNING * * *
You feel better. Menkaure hits you.
* * * LOW HITPOINT WARNING * * *
Menkaure hits you!
You die...
Kikubaaqudgha rasps: "You have failed me!
Welcome... death!"

#####
############...#####
................>..#
##########........##
##.###...##
..........#
##+##+###@# #M# #.#
+.# #.# #.# # #.# #
+.# #.#


You could see Menkaure (fast).

Vanquished Creatures
  A steam dragon (D:6)
  Edmund (D:6)
  2 water moccasins (D:6)
  A black bear (D:5)
  An ogre (D:5)
  A gnoll sergeant (D:5)
  A killer bee (D:6)
  A howler monkey (D:5)
  A crimson imp (D:4)
  5 hounds (D:5)
  A jelly (D:6)
  A gnoll bouda (D:5)
  2 iguanas
  4 orc wizards
  13 gnolls (D:5)
  11 adders
  2 worms
  A dart slug (D:2)
  33 orcs
  8 ball pythons
  5 endoplasms
  2 giant cockroaches
  7 goblins
  6 hobgoblins
  18 jackals
  3 frilled lizards
  7 kobolds
  6 rats
145 creatures vanquished.

Vanquished Creatures (collateral kills)
  A gnoll (D:5)
  2 adders
  4 orcs
  A hobgoblin (D:2)
  2 jackals
10 creatures vanquished.

Vanquished Creatures (others)
  A jelly (D:6)
  A killer bee zombie (D:6)
  A jelly zombie (D:6)
3 creatures vanquished.

Grand Total: 158 creatures vanquished

Notes
Turn   | Place    | Note
-------+----------+-------------------------------------------
     0 | D:1      | cheesebisquit the Hill Orc Necromancer began the quest for
                  | the Orb.
     0 | D:1      | Reached XP level 1. HP: 14/14 MP: 3/3
   257 | D:1      | Reached XP level 2. HP: 19/22 MP: 0/4
   330 | D:1      | Reached skill level 1 in Fighting
   418 | D:1      | Reached skill level 1 in Armour
   722 | D:1      | Found Hyosa's Distillery.
   725 | D:1      | Bought a potion of curing for 42 gold pieces
   826 | D:2      | Reached XP level 3. HP: 28/28 MP: 0/5
  1060 | D:2      | Learned a level 3 spell: Vampiric Draining
  1402 | D:2      | Identified the +6 mace of Context {protect, Str+4 SInv}
  1611 | D:2      | Reached XP level 4. HP: 32/35 MP: 1/6
  2295 | D:3      | Reached skill level 1 in Staves
  2295 | D:3      | Reached XP level 5. HP: 41/41 MP: 3/7
  3177 | D:4      | Reached skill level 1 in Evocations
  3553 | D:4      | Noticed a black bear
  3628 | D:4      | Found a radiant altar of Vehumet.
  3628 | D:4      | Found a burning altar of Makhleb.
  4237 | D:4      | Learned a level 4 spell: Animate Dead
  4292 | D:5      | Entered Level 5 of the Dungeon
  4418 | D:5      | Found a staircase to the Ecumenical Temple.
  4423 | Temple   | Entered the Ecumenical Temple
  4543 | Temple   | Became a worshipper of Kikubaaqudgha
  4560 | D:5      | Reached XP level 6. HP: 48/48 MP: 5/9
  5243 | D:5      | Reached * piety under Kikubaaqudgha
  5243 | D:5      | Received a gift from Kikubaaqudgha
  5246 | D:5      | Learned a level 1 spell: Kiss of Death
  5397 | D:5      | Reached XP level 7. HP: 53/56 MP: 0/10
  6145 | D:5      | Reached ** piety under Kikubaaqudgha
  6592 | D:5      | Reached skill level 5 in Necromancy
  6592 | D:5      | Reached XP level 8. HP: 63/64 MP: 4/12
  6595 | D:5      | Learned a level 2 spell: Sublimation of Blood
  7486 | D:6      | Noticed Edmund
  7496 | D:6      | Killed Edmund
  7667 | D:6      | Noticed Menkaure
  7680 | D:6      | Slain by Menkaure

Illustrated notes

Levels and vault maps discovered:
D:1:      eino_arrival_cavern_a, layout_rooms, serial_shops,
          nicolae_shop_behind_doors, hangedman_abyss_or_decor_stabs
D:2:      layout_loops_ring, small_statue_intersection
D:3:      layout_basic, minmay_tree_intersection
D:4:      layout_basic, grunt_temple_overflow_lords_of_destruction
D:5:      lemuel_castle_with_subvaults [lemuel_castle_interior_carwin_3],
          layout_basic, minmay_temple_entry_drinking_statues
D:6:      layout_basic, mainiacjoe_overflow_24_doors, uniq_menkaure,
          uniq_edmund, uniq_crazy_yiuf_cottage
Temple:   nicolae_temple_two_arcs

Skill      XL: |  1  2  3  4  5  6  7  8 |
---------------+-------------------------+-----
Fighting       | 1 2 3 4 |  4.3
Armour         | 1 2 3 |  3.8
Stealth        | 2 3 |  3.8
Dodging        | 2 3 |  3.6
Staves         | 1 2 3 |  3.0
Evocations     | 1 2 3 |  3.4
Spellcasting   | 2 3 |  3.1
Necromancy     | 5 |  5.4

Action                     |  1- 3 |  4- 6 |  7- 9 || total
---------------------------+-------+-------+-------++-------
  Melee: Unarmed           |    19 |       |       ||    19
         Staff             |     1 |    66 |    13 ||    80
         Mace              |       |    16 |       ||    16
         Punch             |       |     1 |       ||     1
         Whip              |       |       |     3 ||     3
  Throw: Dart              |     2 |     1 |       ||     3
         Boomerang         |       |     5 |       ||     5
   Cast: Necrotise         |    51 |   139 |   151 ||   341
         Vampiric Draining |       |       |     2 ||     2
         Animate Dead      |       |       |     1 ||     1
 Invoke: Unearth Wretches  |       |       |     1 ||     1
    Use: Potion            |       |     2 |     3 ||     5
   Stab: Paralysed         |       |       |     1 ||     1
 Armour: Ring mail         |    11 |       |       ||    11
         Leather armour    |       |    35 |    13 ||    48
  Dodge: Dodged            |     9 |    77 |    41 ||   127
  Block: Other             |     2 |    31 |    14 ||    47
         Reflection        |     1 |       |     1 ||     2
